AoeStats
← semper_deep

Migration

504648705Analyzed
1v1 RM · 27d ago on Sep 6, 2026· 35m 24s· 2 players
Game mode
Random Map
Map size
132×132
Population
200
Speed
Normal
Resources
Standard
Victory
Conquest
Starting age
Dark Age
Ending age
Imperial Age
RankedLock teamsTeams togetherTeam positionsShared explorationLock speedFull tech treeHidden civsTurbo modeCheats
Victory
Defeat
🇺🇸 Wu · United States
742
+15
🇨🇱 Chinese · Chile
727
-15
micofilo
11:30 Feudal Age
13:06 Wheelbarrow
18:08 Fishing Lines
19:46 Double-Bit Axe
20:08 Horse Collar
20:23 Gold Mining
24:30 Castle Age
22:36 Fletching
25:38 Crossbowman
29:38 Horse Collar
32:32 Man-at-Arms
32:33 Pikeman
34:28 Bodkin Arrow
semper_deep
10:54 Feudal Age
11:50 Double-Bit Axe
11:49 Horse Collar
17:03 Man-at-Arms
17:46 Loom
20:58 Castle Age
19:04 Scale Mail Armor
19:14 Forging
20:52 Fletching
22:32 Heavy Plow
23:00 Squires
22:46 Arson
26:10 Wheelbarrow
25:58 Chain Mail Armor
26:18 Iron Casting
25:58 Bow Saw
28:45 Hand Cart
28:17 Town Watch
33:38 Imperial Age
Connection lost

Rejoining the realm…

Still unreachable

The connection could not be restored.

Session expired

The server has moved on; the page needs a fresh start.